 Dungeon Crawl Stone Soup version 0.32-a0-43-g058985b245 (webtiles) character file.

Game seed: 6103382629204967271

56 jlumianski the Ruffian (level 3, -3/42 HPs)
             Began as a Gnoll Shapeshifter on Feb 3, 2024.
             Slain by an ogre
             ... wielding a +0 giant club
              (5 damage)
             ... on level 3 of the Dungeon.
             The game lasted 00:05:27 (1547 turns).

jlumianski the Ruffian (Gnoll Shapeshifter)         Turns: 1547, Time: 00:05:27

Health: -3/42      AC: 21    Str: 15    XL:     3   Next: 97%
Magic:  4/4        EV:  2    Int:  9    God:
Gold:   144        SH:  5    Dex: 11    Spells: 4/4 levels left

rFire   . .          .
                       - Unarmed
rCold   . . .        (no shield)
rNeg    . . .        a - melded +0 animal skin
rPois   +            (helmet currently unavailable)
rElec   .            (cloak currently unavailable)
rCorr   .            (gloves currently unavailable)
SInv    .            (boots currently unavailable)
Will    .....        o - amulet of reflection
Stlth   +            (no ring)
HPRegen 0.27/turn    (no ring)
MPRegen 0.09/turn

%: reflection
@: tree-form
A: stationary, stasis, torment immunity, boosted hp, (fangs 1), strong nose,
distributed training
a: no special abilities


You were on level 3 of the Dungeon.
You were a tree.
You visited 1 branch of the dungeon, and saw 3 of its levels.

You collected 144 gold pieces.

Inventory:

Missiles
 g - 6 poisoned darts (quivered)
Armour
 a - a +0 animal skin (melded)
 h - a +0 helmet
 n - a +0 pair of gloves
Jewellery
 i - an amulet of magic regeneration
 l - an amulet of faith
 o - an amulet of reflection (around neck)
Talismans
 c - a beast talisman
 d - a flux talisman
 f - a blade talisman
Scrolls
 m - a scroll of identify {unknown}
Potions
 b - a potion of lignification
 e - a potion of enlightenment {unknown}
 j - a potion of attraction {unknown}
 k - a potion of resistance {unknown}


   Skills:
 + Level 2.7 Fighting
 + Level 1.0 Short Blades
 + Level 1.0 Long Blades
 + Level 1.0 Axes
 + Level 1.0 Maces & Flails
 + Level 1.0 Polearms
 + Level 1.0 Staves
 + Level 1.0 Ranged Weapons
 + Level 1.0 Throwing
 + Level 1.0 Armour
 + Level 4.6 Dodging
 + Level 1.0 Stealth
 + Level 1.0 Shields
 + Level 6.5 Unarmed Combat
 + Level 1.0 Spellcasting
 + Level 0.7 Conjurations
 + Level 0.7 Hexes
 + Level 0.7 Summonings
 + Level 0.7 Necromancy
 + Level 0.7 Translocations
 + Level 0.7 Fire Magic
 + Level 0.7 Ice Magic
 + Level 0.7 Air Magic
 + Level 0.7 Earth Magic
 + Level 0.7 Alchemy
 + Level 1.1 Invocations
 + Level 1.0 Evocations
 + Level 6.5 Shapeshifting


You had 4 spell levels left.
You didn't know any spells.
Your spell library was empty.

Dungeon Overview and Level Annotations

Branches:
Dungeon (3/15)

Altars:


Innate Abilities, Weirdness & Mutations

You are a tree.
Your roots penetrate the ground, keeping you stationary.
You cannot be teleported.
You are immune to unholy pain and torment.
Your maximum health is greatly increased.
Your equipment is partially melded.
((You have very sharp teeth.))
Your uncanny sense of smell can sniff out nearby items.
Your experience applies equally to all skills.


Message History

You kill the rat!
No target in view!
No target in view!
o - an amulet of reflection You start removing your amulet.
You continue taking off your amulet of magic regeneration. x4
You finish taking off your amulet of magic regeneration.
You start putting on your amulet.
You continue putting on your amulet of reflection. x5
You finish putting on your amulet of reflection.
You feel a shielding aura gather around you.
o - an amulet of reflection (around neck)
Found a rapier.
Done exploring.
What level of the Dungeon? (default 1, ? - help)
There is a stone staircase leading down here.
You climb downwards.
The ogre misses you.
There is a stone staircase leading up here.
An ogre is nearby!
You hit the ogre.
The ogre is lightly wounded.
The ogre closely misses you.
You hit the ogre.
The ogre is moderately wounded.
You barely miss the ogre.
The ogre is moderately wounded.
The ogre misses you.
You hit the ogre but do no damage.
The ogre is moderately wounded.
The ogre hits you with a +0 giant club!!
Ouch! That really hurt!
* * * LOW HITPOINT WARNING * * *
Your transformation has ended.
You turn into a tree.
Your +0 animal skin melds into your body.
Your roots penetrate the ground.
You smack the ogre!
The ogre is almost dead.
The ogre hits you with a +0 giant club.
You die...

##########
.......♣O#
#######..#
#..# #..#
...# ....
...# ....#


You could see an ogre.

Vanquished Creatures
  An adder (D:2)
  A dart slug (D:2)
  4 ball pythons
  4 endoplasms
  2 giant cockroaches
  5 hobgoblins
  4 jackals (D:2)
  7 bats
  2 frilled lizards
  5 goblins
  2 kobolds (D:1)
  7 rats
44 creatures vanquished.

Notes
Turn   | Place    | Note
-------+----------+-------------------------------------------
     0 | D:1      | jlumianski the Gnoll Shapeshifter began the quest for the
                  | Orb.
     0 | D:1      | Reached XP level 1. HP: 17/17 MP: 1/1
    93 | D:2      | Reached XP level 2. HP: 23/23 MP: 2/2
   577 | D:1      | Reached XP level 3. HP: 28/28 MP: 3/3
   875 | D:2      | Reached skill level 1 in Invocations
  1019 | D:2      | Reached skill level 1 in Short Blades
  1019 | D:2      | Reached skill level 1 in Long Blades
  1019 | D:2      | Reached skill level 1 in Axes
  1019 | D:2      | Reached skill level 1 in Maces & Flails
  1019 | D:2      | Reached skill level 1 in Polearms
  1019 | D:2      | Reached skill level 1 in Staves
  1019 | D:2      | Reached skill level 1 in Ranged Weapons
  1019 | D:2      | Reached skill level 1 in Throwing
  1019 | D:2      | Reached skill level 1 in Armour
  1019 | D:2      | Reached skill level 1 in Stealth
  1019 | D:2      | Reached skill level 1 in Shields
  1019 | D:2      | Reached skill level 1 in Spellcasting
  1019 | D:2      | Reached skill level 1 in Evocations
  1069 | D:3      | Noticed an ogre
  1545 | D:3      | HP: 1/28 [ogre/+0 giant club (27)]
  1547 | D:3      | Slain by an ogre

Illustrated notes

Levels and vault maps discovered:
D:1:      lemuel_arrival_room, layout_loops_ring
D:2:      layout_loops_cross, minmay_hexomino_p4
D:3:      layout_loops_ring, lemuel_doored_altar

Skill      XL: |  1  2  3 |
---------------+----------+-----
Invocations    | 1 |  1.1
Short Blades   | 1 |  1.0
Long Blades    | 1 |  1.0
Axes           | 1 |  1.0
Maces & Flails | 1 |  1.0
Polearms       | 1 |  1.0
Staves         | 1 |  1.0
Ranged Weapons | 1 |  1.0
Throwing       | 1 |  1.0
Armour         | 1 |  1.0
Stealth        | 1 |  1.0
Shields        | 1 |  1.0
Spellcasting   | 1 |  1.0
Evocations     | 1 |  1.0
Fighting       | |  2.7
Dodging        | |  4.6
Unarmed Combat | |  6.5
Conjurations   | |  0.7
Hexes          | |  0.7
Summonings     | |  0.7
Necromancy     | |  0.7
Translocations | |  0.7
Fire Magic     | |  0.7
Ice Magic      | |  0.7
Air Magic      | |  0.7
Earth Magic    | |  0.7
Alchemy        | |  0.7
Shapeshifting  | |  6.5

Action                     || total
---------------------------++-------
  Melee: Unarmed           ||    83
         Bite              ||     3
         Punch             ||     3
    Use: Potion            ||     1
   Stab: Sleeping          ||     1
 Armour: Animal skin       ||    38
         Skin              ||     1
  Dodge: Dodged            ||    63

Table legend: (Time is in decaauts)
 A = Elapsed time spent in this place.
 B = Non-inter-level travel time spent in this place.
 C = Inter-level travel time spent in this place.
 D = Time resting spent in this place.
 E = Time spent auto-exploring this place.
 F = Levels seen in this place.
 G = Mean time per level.
                   A        B        C        D        E       F      G
               +--------+--------+--------+--------+--------+-----+--------+
         Total |   1538 |   1526 |     12 |     44 |    963 |   3 |  512.7 |
       Dungeon |   1538 |   1526 |     12 |     44 |    963 |   3 |  512.7 |
               +--------+--------+--------+--------+--------+-----+--------+

Top non-repeatable levels by time:
     D:2: 779 daAuts
     D:1: 747 daAuts
     D:3: 11 daAuts
